 Dungeon Crawl Stone Soup version 0.21-a0-582-g1b93aee (webtiles) character file.

53 Gorglomux the Caller (level 4, -5/34 HPs)
             Began as a Formicid Summoner on Dec 19, 2017.
             Killed by nerve-wracking pain
             ... invoked by Grinder
              (7 damage)
             ... on level 3 of the Dungeon.
             The game lasted 00:03:23 (2245 turns).

Gorglomux the Caller (Formicid Summoner)            Turns: 2245, Time: 00:03:23

Health: -5/34      AC:  2    Str: 14    XL:     4   Next: 10%
Magic:  2/7        EV: 12    Int: 14    God:
Gold:   96         SH:  0    Dex: 11    Spells: 4/7 levels left

rFire    . . .     SeeInvis +     - Unarmed
rCold    . . .     Gourm    .   (no shield)
rNeg     . . .     Faith    .   a - +0 robe
rPois    .         Spirit   .   (helmet unavailable)
rElec    .         Reflect  .   (no cloak)
rCorr    .         Harm     .   (no gloves)
MR       .....                  (no boots)
Stlth    ++........             (no amulet)
HPRegen  0.11/turn              (no ring)
MPRegen  0.10/turn              (no ring)

@: no status effects
A: permanent stasis, dig shafts and tunnels, four strong arms, antennae 3
a: Dig, Shaft Self


You were on level 3 of the Dungeon.
You were not hungry.

You visited 1 branch of the dungeon, and saw 3 of its levels.

You collected 96 gold pieces.

Inventory:

Missiles
 l - 2 javelins (quivered)
Armour
 a - a +0 robe (worn)
Scrolls
 d - a scroll of enchant armour {unknown}
 i - a scroll of remove curse {unknown}
 k - a scroll of noise {unknown}
 n - a scroll of amnesia {unknown}
 o - a scroll of fear {unknown}
 q - 3 scrolls of identify {unknown}
 t - a scroll of blinking {unknown}
Potions
 h - a potion of curing {unknown}
Books
 b - a book of Callings

   Spells                             Type                      Level
   a - Summon Small Mammal            Summoning                    1
   b - Call Imp                       Summoning                    2
   c - Call Canine Familiar           Summoning                    3
   d - Summon Guardian Golem          Hexes/Summoning              3
   e - Summon Lightning Spire         Summoning/Air                4
   f - Summon Ice Beast               Ice/Summoning                4
 p - a book of Changes

   Spells                             Type                      Level
   a - Beastly Appendage              Transmutation                1
   b - Sticks to Snakes               Transmutation                2
   c - Spider Form                    Transmutation/Poison         3
   d - Ice Form                       Ice/Transmutation            4
   e - Blade Hands                    Transmutation                5
 s - Kikubaaqudgha's Volume of Black Rites
   (You found it on level 3 of the Dungeon)

   Spells                             Type                      Level
   a - Pain                           Necromancy                   1
Comestibles
 c - 3 rations


   Skills:
 + Level 2.4 Fighting
 - Level 1.7 Dodging
 - Level 2.4 Stealth
 + Level 2.2 Unarmed Combat
 - Level 2.1 Spellcasting
 - Level 4.0 Summonings


You had 4 spell levels left.
You knew the following spells:

 Your Spells              Type           Power        Failure   Level  Hunger
a - Summon Small Mammal   Summ           ##..         4%          1    #......
b - Call Imp              Summ           ##......     7%          2    ###....


Dungeon Overview and Level Annotations

Branches:
Dungeon (3/15)

Altars:
Kikubaaqudgha
Makhleb
Sif Muna
Vehumet

Annotations:
D:3 Grinder


Innate Abilities, Weirdness & Mutations

You cannot be hasted, slowed, berserked, paralysed or teleported.
You can dig through walls and to a lower floor.
Your four strong arms can wield two-handed weapons with a shield.
You have a pair of large antennae on your head. (SInv)


Message History

You throw a javelin! The javelin barely misses Grinder!
Your crimson imp hits Grinder!
Grinder gestures at you!
Your stasis prevents you from being paralysed!
Grinder gestures at you!
You barely resist!
Your crimson imp hits Grinder but does butt damage!
Grinder gestures at you! You resist with significant effort!
Your crimson imp closely misses Grinder!
Your crimson imp hits Grinder!
Grinder butts your crimson imp!
Your crimson imp closely misses Grinder!
Throwing (i - inventory):
l - 3 javelins (quivered)
Press: ? - help, Shift-Dir - straight line, f/p - Grinder
Aim: Grinder (severely wounded)
You throw a javelin! The javelin closely misses Grinder!
Your crimson imp barely misses Grinder! x2
Grinder gestures at you! Pain shoots through your body!!! butt

# ##### . ##._.## # # #
###8...8### # #.#
##8##...##8## ######...
.###.##
#...##.##...###......#
#.#...#
#_........._##<..#####
...#
#.##...#.⌠.#...#.........
#.#
#..##8##..@##8##...#####
..# #..####..### ####.##
#.## ##...###.## #.#
5.!###......5.# #.#
###§..#.......# ###.# #
#####....5..# #...# .
#.......# #.### .
#####.......# #.#
.....(..(...# #.#


You could see Grinder.

Vanquished Creatures
  An adder (D:2)
  A dart slug (D:2)
  A bat (D:1)
  2 goblins (D:2)
  3 hobgoblins
  A kobold (D:1)
  A quokka (D:2)
  2 frilled lizards (D:2)
  2 rats
14 creatures vanquished.

Vanquished Creatures (collateral kills)
  2 adders (D:2)
  An ooze (D:1)
  A worm (D:2)
  A bat (D:1)
  A giant cockroach (D:1)
  3 hobgoblins (D:1)
  2 jackals (D:1)
  2 rats
13 creatures vanquished.

Grand Total: 27 creatures vanquished

Notes
Turn   | Place    | Note
-------+----------+-------------------------------------------
     0 | D:1      | Gorglomux the Formicid Summoner began the quest for the Orb.
     0 | D:1      | Reached XP level 1. HP: 13/13 MP: 3/3
   573 | D:1      | Reached skill level 1 in Fighting
   573 | D:1      | Reached skill level 1 in Unarmed Combat
   573 | D:1      | Reached XP level 2. HP: 16/21 MP: 5/5
  1445 | D:2      | Reached XP level 3. HP: 18/27 MP: 1/6
  1838 | D:2      | Found a burning altar of Makhleb.
  1941 | D:2      | HP: 1/27 [adder (2)]
  1945 | D:2      | Reached XP level 4. HP: 11/34 MP: 7/7
  2134 | D:3      | Found a radiant altar of Vehumet.
  2146 | D:3      | Found an ancient bone altar of Kikubaaqudgha.
  2147 | D:3      | Found a deep blue altar of Sif Muna.
  2152 | D:3      | Identified Kikubaaqudgha's Volume of Black Rites
  2178 | D:3      | Learned a level 2 spell: Call Imp
  2182 | D:3      | Noticed Grinder
  2230 | D:3      | HP: 1/34 [Grinder (3)]
  2245 | D:3      | Killed from afar by Grinder

Vault maps used:
D:1:      nicolae_arrival_somewhat_less_tricky_arrival
D:2:      lemuel_doored_altar
D:3:      grunt_temple_overflow_magic_moments, first_ration, uniq_grinder

Skill      XL: |  1  2  3 |
---------------+----------+-----
Fighting       | 1 2 |  2.4
Unarmed Combat | 1 2 |  2.2
Dodging        | |  1.7
Stealth        | |  2.4
Spellcasting   | |  2.1
Summonings     | |  4.0

Action                   |  1- 3 |  4- 6 || total
-------------------------+-------+-------++-------
Melee: Unarmed           |   131 |     7 ||   138
       Punch             |     1 |       ||     1
Throw: Javelin           |     4 |     2 ||     6
 Cast: Summon Small Mamm |    27 |       ||    27
       Call Imp          |       |     6 ||     6
  Use: Potion            |     3 |       ||     3
 Stab: Distracted        |     1 |       ||     1
       Sleeping          |     3 |     1 ||     4
  Eat: Chunk             |     4 |     1 ||     5
Armor: Robe              |    21 |     1 ||    22
       Skin              |     6 |       ||     6
Dodge: Dodged            |   108 |     2 ||   110

Table legend:
 A = Spawn XP
 B = Non-spawn XP
 C = Spawn XP percentage of total XP
 D = Spawn monster count
 E = Non-spawn monster count
 F = Spawn count percentage of total count
 G = Total turns spent on level
                    A         B        C        D         E        F      G
               +---------+---------+-------+---------+---------+-------+---------
         Total |       0 |      76 |   0.0 |       0 |      27 |   0.0 |  2245
               +---------+---------+-------+---------+---------+-------+---------
           D:1 |       0 |      23 |   0.0 |       0 |      14 |   0.0 |  1430
           D:2 |       0 |      51 |   0.0 |       0 |      11 |   0.0 |   656
           D:3 |       0 |       2 |   0.0 |       0 |       2 |   0.0 |   159
               +---------+---------+-------+---------+---------+-------+---------
